 Dungeon Crawl Stone Soup version 0.29.1-12-g30fa7ad0bf (webtiles) character file.

Game seed: 3613074848242745499

2017 FexLirch the Cleaver (level 9, 0/70 HPs)
             Began as a Meteoran Fighter on Dec 16, 2022.
             Was a Believer of Kikubaaqudgha.
             Slain by a death yak (10 damage)
             ... on level 8 of the Dungeon.
             The game lasted 00:26:54 (3084 turns).

FexLirch the Cleaver (Meteoran Fighter)             Turns: 3084, Time: 00:26:55

Health: 0/70       AC:  9    Str: 28    XL:     9   Next: 75%
Magic:  4/10       EV:  9    Int: 11    God:    Kikubaaqudgha [**....]
Gold:   122        SH: 10    Dex: 19    Spells: 3/8 levels left

rFire   . . .      SeeInvis .   s - +6 hand axe "Odghemitrae" {vamp, rCorr Str+8 Dex-2}
rCold   . . .      Faith    .   H - +0 kite shield
rNeg    + . .      Spirit   .   j - +3 leather armour "Himpulakk" {rPois}
rPois   +          Reflect  .   v - +0 helmet
rElec   .          Harm     .   l - +0 cloak
rCorr   +          Rampage  .   m - +0 pair of gloves
Will    +....                   (no boots)
Stlth   +.........              (no amulet)
HPRegen 0.21/turn               q - +6 ring of dexterity
MPRegen 0.12/turn               w - ring of positive energy

@: mighty, very slightly contaminated, glowing
A: sense surroundings 2, otherworldly, glowing, explore regen
a: Renounce Religion, Unearth Wretches


You were on level 8 of the Dungeon.
You worshipped Kikubaaqudgha.
Kikubaaqudgha was pleased with you.
You visited 2 branches of the dungeon, and saw 10 of its levels.
You also visited: Ossuary.

You collected 161 gold pieces.
You spent 39 gold pieces at shops.

Inventory:

Hand Weapons
 a - a +0 flail
 s - the +6 hand axe "Odghemitrae" (weapon) {vamp, rCorr Str+8 Dex-2}
   (You found it on level 4 of the Dungeon)

   It occasionally heals its wielder for a portion of the damage dealt when it
   wounds a living foe.
   Str:       It affects your strength (+8).
   Dex:       It affects your dexterity (-2).
   rCorr:     It protects you from acid and corrosion.
 C - a +0 broad axe
 E - a +4 war axe of venom
 F - a +2 morningstar of freezing
 G - a +5 flail of freezing
 L - a +0 shortbow
Missiles
 e - 34 stones (quivered)
 g - 2 atropa-tipped darts
 o - 30 poisoned darts
Armour
 b - a +0 scale mail
 c - a +0 buckler
 j - the +3 leather armour "Himpulakk" (worn) {rPois}
   (You found it on level 5 of the Dungeon)

   rPois:     It protects you from poison.
 l - a +0 cloak (worn)
 m - a +0 pair of gloves (worn)
 v - a +0 helmet (worn)
 H - a +0 kite shield (worn)
Jewellery
 q - a +6 ring of dexterity (left hand)
 w - a ring of positive energy (right hand)
Wands
 K - a wand of mindburst (21)
Scrolls
 f - a scroll of teleportation {unknown}
 i - a scroll of enchant armour {unknown}
 n - 2 scrolls of immolation
 p - a scroll of acquirement {unknown}
 r - a scroll of amnesia {unknown}
 t - a scroll of fear
 y - 2 scrolls of vulnerability {unknown}
 I - 2 scrolls of butterflies {unknown}
 M - a scroll of poison {unknown}
Potions
 d - 2 potions of heal wounds {unknown}
 h - a potion of lignification {unknown}
 k - 2 potions of magic {unknown}
 u - 2 potions of attraction
 x - a potion of resistance {unknown}
 z - 2 potions of brilliance {unknown}
 A - a potion of curing
 B - 3 potions of haste {unknown}
 J - a potion of flight {unknown}


   Skills:
 - Level 3.2 Fighting
 * Level 10.3(11.1) Axes
 - Level 7.4(10.3) Maces & Flails
 - Level 3.6 Armour
 - Level 3.6 Shields
 + Level 6.4 Necromancy


You had 3 spell levels left.
You knew the following spells:

 Your Spells              Type           Power      Damage    Failure   Level
a - Foxfire               Conj/Fire      0%         2x1d4     77%         1
b - Necrotise             Necr           56%        1d6       9%          1
c - Vampiric Draining     Necr           14%        2d7       26%         3

Your spell library contained the following spells:

 Spells                   Type           Power      Damage    Failure   Level
 Sublimation of Blood     Necr           14%        N/A       14%         2
 Shock                    Conj/Air       0%         1d3       77%         1
 Static Discharge         Conj/Air       0%         3-3/arc   88%         2
 Swiftness                Air            0%         N/A       98%         3
 Animate Dead             Necr           14%        N/A       65%         4
 Dispel Undead            Necr           14%        3d10      65%         4
 Airstrike                Air            0%         2d(0-16)  100%        4
 Sticky Flame             Conj/Fire      0%         2d3       100%        4


Dungeon Overview and Level Annotations

Branches:
Dungeon (9/15) Zot: 2643   Temple (1/1) D:4 Zot: 509 Ossuary (visited)
   Lair: D:8-11         Orc: D:9-12

Altars:
Ashenzari
Cheibriados
Dithmenos
Gozag
Kikubaaqudgha
Qazlal
Sif Muna
Trog
Vehumet
Xom
Yredelemnul

Shops:
D:5 !


Innate Abilities, Weirdness & Mutations

You passively map the area around you.
You are easily found by Zot.
You glow in the dark.
You regain HP and MP as you explore.


Message History

Unknown command.
Unknown command.
You hit the death yak.
The death yak is lightly wounded.
The death yak gores you!
You hit the death yak but do no damage.
The death yak is lightly wounded.
The death yak barely misses you.
You barely miss the death yak.
The death yak is lightly wounded.
The death yak gores you.
You hit the death yak.
You feel better.
The death yak is lightly wounded.
The death yak gores you!!
* * * LOW HITPOINT WARNING * * *
Casting: Necrotise (safe; 9% risk of failure)
Confirm with . or Enter, or press ? or * to list all spells.
Aiming: Vampiric Draining (dangerous; 26% risk of failure)
Press: ? - help, Shift-Dir - straight line, f - death yak
Aim: a death yak (lightly wounded)
You miscast Vampiric Draining.
You are very lightly contaminated with residual magic.
Nothing appears to happen.
You block the death yak's attack.
Casting: Vampiric Draining (dangerous; 26% risk of failure)
Confirm with . or Enter, or press ? or * to list all spells.
Aiming: Vampiric Draining (dangerous; 26% risk of failure)
Press: ? - help, Shift-Dir - straight line, f/p - death yak
Aim: a death yak (lightly wounded)
You draw life force from the death yak!
You feel life coursing into your body. The death yak gores you!!
* * * LOW HITPOINT WARNING * * *
As you read the scroll of fear, it crumbles to dust.
You assume a fearsome visage.
The death yak resists with almost no effort.
The death yak resists with some effort.
The death yak resists with almost no effort.
The death yak barely misses you.
You feel better. The death yak gores you!
You die...
Kikubaaqudgha rasps: "You have failed me!
Welcome... death!"

, ,, *
.#* ..,
, .. *
, ,
,,.# ,
,
,,,.###
.Y# , ,
#Y# ,
,,#@#
,, #.#
, ,, *
#.# * *
#.# , ,
,* #.#
,, ,* *
#.#
,,****
* #.# ,
, , #.#
,..##,
### #.#


You could see 2 death yaks.

Vanquished Creatures
  A death yak (D:8)
  An ogre (D:4)
  A centaur (D:8)
  A kobold brigand (D:7)
  A gnoll sergeant (D:7)
  3 bullfrogs
  3 scorpions
  4 wights (D:7)
  A howler monkey (D:6)
  2 centaur zombies (Ossuary)
  A hound (D:5)
  A gnoll bouda (D:5)
  A human zombie (Ossuary)
  An iguana (D:6)
  2 orc wizards
  3 mummies
  11 gnolls
  4 adders
  An ufetubus (D:6)
  3 worms
  A dart slug (D:2)
  7 orcs
  5 endoplasms
  2 giant cockroaches (D:1)
  6 goblins
  7 hobgoblins
  2 jackals (D:1)
  3 quokkas
  2 ball pythons
  5 bats
  2 frilled lizards (D:2)
  10 hobgoblin zombies
  3 jackal zombies (Ossuary)
  10 kobolds
  14 kobold zombies (Ossuary)
  7 orc zombies
  3 rats
  A rat zombie (Ossuary)
136 creatures vanquished.

Vanquished Creatures (others)
  3 foxfires
  2 fungi (D:5)
5 creatures vanquished.

Grand Total: 141 creatures vanquished

Notes
Turn   | Place    | Note
-------+----------+-------------------------------------------
     0 | D:1      | FexLirch the Meteoran Fighter began the quest for the Orb.
     0 | D:1      | Reached XP level 1. HP: 19/19 MP: 2/2
    83 | D:1      | Found a faded altar of an unknown god.
   105 | D:1      | Prayed at the altar of an unknown god.
   105 | D:1      | Became a worshipper of Vehumet
   105 | D:1      | Reached * piety under Vehumet
   105 | D:1      | Offered knowledge of Foxfire by Vehumet.
   129 | D:1      | Reached XP level 2. HP: 22/26 MP: 3/3
   195 | D:1      | Learned a level 1 spell: Foxfire
   307 | D:1      | You fall into a shaft and drop 1 floor!
   350 | D:2      | Fell from the grace of Vehumet
   364 | D:2      | Reached XP level 3. HP: 25/31 MP: 4/4
   729 | D:2      | Reached skill level 5 in Maces & Flails
   729 | D:2      | Reached XP level 4. HP: 34/38 MP: 3/5
  1188 | D:3      | Found a shimmering blue altar of Sif Muna.
  1261 | D:4      | Found a staircase to the Ecumenical Temple.
  1289 | Temple   | Entered the Ecumenical Temple
  1363 | Temple   | Became a worshipper of Kikubaaqudgha
  1393 | D:4      | Reached XP level 5. HP: 45/45 MP: 3/6
  1425 | D:4      | Noticed an ogre
  1455 | D:4      | Identified the +6 hand axe "Odghemitrae" {vamp, rCorr Str+8
                  | Dex-2}
  1462 | D:4      | Killed an ogre
  1463 | D:4      | Reached XP level 6. HP: 24/51 MP: 7/7
  1482 | D:4      | Found a sand-covered staircase.
  1486 | D:4      | Reached skill level 1 in Axes
  1489 | Ossuary  | Entered an ossuary
  1578 | Ossuary  | Reached * piety under Kikubaaqudgha
  1578 | Ossuary  | Received a gift from Kikubaaqudgha
  1579 | Ossuary  | Reached skill level 2 in Axes
  1581 | Ossuary  | Learned a level 1 spell: Necrotise
  1585 | Ossuary  | Learned a level 3 spell: Vampiric Draining
  1686 | Ossuary  | Reached skill level 3 in Axes
  1686 | Ossuary  | Reached skill level 1 in Necromancy
  1694 | Ossuary  | Reached XP level 7. HP: 27/57 MP: 8/8
  1865 | D:5      | Entered Level 5 of the Dungeon
  1880 | D:5      | Identified the +3 leather armour "Himpulakk" {rPois}
  1987 | D:5      | Reached skill level 4 in Axes
  2066 | D:5      | Found a shimmering altar of Xom.
  2120 | D:5      | Found a stormy altar of Qazlal.
  2140 | D:5      | Reached skill level 5 in Axes
  2140 | D:5      | Reached ** piety under Kikubaaqudgha
  2245 | D:5      | Reached XP level 8. HP: 63/63 MP: 6/9
  2312 | D:5      | Found Gausucumn's Distillery.
  2317 | D:5      | Bought a potion of curing for 39 gold pieces
  2479 | D:6      | Reached skill level 6 in Axes
  2638 | D:6      | Found a broken altar of Ashenzari.
  2729 | D:7      | Reached skill level 7 in Axes
  2859 | D:7      | Reached skill level 8 in Axes
  2859 | D:7      | Gained mutation: You passively map the area around you.
                  | [Meteoran growth]
  2859 | D:7      | Reached XP level 9. HP: 65/70 MP: 10/10
  2933 | D:8      | Reached skill level 5 in Necromancy
  3064 | D:8      | Noticed a death yak
  3064 | D:8      | Noticed a death yak
  3065 | D:8      | Noticed a death yak
  3068 | D:8      | Noticed a death yak
  3070 | D:8      | Noticed a death yak
  3071 | D:8      | Noticed a death yak
  3076 | D:8      | Killed a death yak
  3077 | D:8      | Reached skill level 10 in Axes
  3084 | D:8      | Slain by a death yak

Illustrated notes

Levels and vault maps discovered:
D:1:      psy_arrival_radial01, layout_loops_ring,
          chequers_ecumenical_altar_island, dreamdust_princess_corridor
D:2:      minmay_evil_eye, layout_rooms, serial_park_tiny_1,
          nicolae_hexahallways
D:3:      layout_basic, bloody_makhleb, lemuel_blue_sif_altar
D:4:      layout_basic, nicolae_ru_the_path_less_chosen,
          mainiacjoe_overflow_swirl, minmay_temple_entry_tees,
          nicolae_ossuary_entry_giza, uniq_pikel
D:5:      layout_basic, mainiacjoe_overflow_small_starburst,
          lemuel_coloured_pillars_altar, mainiacjoe_overflow_boulevard,
          serial_shops, shop, serial_curves, eino_curves_03, eino_curves_03,
          eino_curves_02
D:6:      layout_basic, kennysheep_little_box, kennysheep_generic_room_6
D:7:      layout_basic, mainiacjoe_overflow_cross_hatched, nrook_pool_corridor,
          st_stairs_5, uniq_crazy_yiuf_cottage
D:8:      layout_basic, mainiacjoe_overflow_chevrons, dpeg_lair_monsters
D:9:      layout_irregular_city, elyvilon_altar_4, tso_metal_star, serial_shops,
          nicolae_shop_behind_doors, hellmonk_bongcloud_opening,
          serial_park_tiny_pond, st_stairs_3, hangedman_decor_riveting,
          kennysheep_big_empty_room
Temple:   nicolae_temple_superstar

Skill      XL: |  1  2  3  4  5  6  7  8  9 |
---------------+----------------------------+-----
Maces & Flails | 3 4 5 6 7 |  7.4
Axes           | 3 5 8 10 | 10.3
Necromancy     | 1 3 4 6 |  6.4
Fighting       | |  3.2
Armour         | |  3.6
Shields        | |  3.6

Action                   |  1- 3 |  4- 6 |  7- 9 || total
-------------------------+-------+-------+-------++-------
Melee: Flail             |   102 |    79 |       ||   181
       Hand axe          |       |    83 |   147 ||   230
Throw: Stone             |     5 |       |       ||     5
       Dart              |       |     2 |       ||     2
 Cast: Foxfire           |     1 |     1 |       ||     2
       Necrotise         |       |       |    32 ||    32
       Vampiric Draining |       |       |     1 ||     1
Invok: Renounce Religion |     1 |       |       ||     1
  Use: Scroll            |       |       |     5 ||     5
       Potion            |       |       |     3 ||     3
 Stab: Invisible         |       |     1 |       ||     1
Armor: Scale mail        |    60 |    75 |       ||   135
       Leather armour    |       |       |    59 ||    59
Dodge: Dodged            |    48 |    61 |    55 ||   164
Block: Buckler           |    25 |    35 |    38 ||    98
       Kite shield       |       |       |    20 ||    20
